AoeStats
← AiM | CyclopsTron

MegaRandom

506029557Analyzed
4v4 RM · 20d ago on Sep 12, 2026· 18m 4s· 8 players
Game mode
Random Map
Map size
Large (8 player)
Population
200
Speed
Normal
Resources
Standard
Victory
Conquest
Starting age
Dark Age
Ending age
Imperial Age
RankedLock teamsTeams togetherTeam positionsShared explorationLock speedFull tech treeHidden civsTurbo modeCheats
Victory
Defeat
🇲🇽 Vietnamese · Mexico
1748
+11
🇲🇽 Persians · Mexico
1630
+15
🇲🇽 Chinese · Mexico
1588
+17
🇲🇽 Lithuanians · Mexico
1322
+27
🇦🇷 Ethiopians · Argentina
1650
-19
🇦🇷 Britons · Argentina
1643
-18
🇦🇺 Turks · Australia
1597
-17
🇦🇷 Spanish · Argentina
1565
-16
SoyDemo
6:10 Loom
8:54 Feudal Age
9:38 Double-Bit Axe
10:47 Horse Collar
16:56 Scale Barding Armor
AiM | CyclopsTron
0:34 Loom
12:13 Feudal Age
12:42 Double-Bit Axe
15:07 Fletching
16:46 Horse Collar
Ux'Nova
0:27 Loom
9:26 Feudal Age
11:00 Double-Bit Axe
12:52 Fletching
18:06 Padded Archer Armor
LeBotut
4:55 Loom
10:25 Feudal Age
10:55 Double-Bit Axe
11:56 Horse Collar
12:02 Fishing Lines
19:51 Castle Age
18:18 Horse Collar
18:30 Gold Mining
Kant be real
7:11 Loom
9:37 Feudal Age
10:25 Double-Bit Axe
12:15 Fletching
RománMás3
6:15 Loom
8:29 Feudal Age
9:38 Double-Bit Axe
14:47 Fletching
politeOil
8:57 Loom
11:11 Feudal Age
16:29 Castle Age
MUERE CACA
2:46 Loom
10:31 Feudal Age
11:03 Double-Bit Axe
16:25 Fletching
Connection lost

Rejoining the realm…

Still unreachable

The connection could not be restored.

Session expired

The server has moved on; the page needs a fresh start.